Unix NetHack Version 5.0.0-0 post-release - last build May  4 2026 22:22:43 (774f63e81ad911689b3a0859ea89b322d5daca8d,branch:main).

Game began 2026-05-07 06:23:33, ended 2026-05-07 07:50:05.

182320070181818, lawful female human Valkyrie

             -----                                            ---------------
             |...|             -------     -------        ####-.............|
 -------     |...|             |..%...#    |.....|      ###   |.<....?......|
 |[[[[[|     |...|#########    |.....|#    |.....|      #     |.............|
 |[[[[[|     |...|        #   #......|#    |......#######     |.............|
 |[[[[[|     |....#       #   #|.....|#    |.....|            |.............|
 |.....|     |...|#       #   #-------#    |.....|            ---------------
 -----|-     ---|-#       #   #      ####  ----.--
      ####      # #       ##  #      ##        #
         ######## #        ###########         #
     -------.-----##     #####       #        ##
     |...........| ##   ##  #      ###  #######
     |............#####%#          #----.-----------
     |...........|  #  ------      #|..............|
     |.`..`......|  # |..(..+      #|........fd@...|
     -------------  ##-.....|     `#..........d....|
                      |.>...|       |..............|
                       ------       ----------------

182320070181818 the Skirmisher  St:18/02 Dx:9 Co:18 In:9 Wi:9 Ch:10  Lawful
Dlvl:6  $:6  HP:0(42) Pw:9(9) AC:6  Xp:4 T:2397 

Latest messages:
 The fox is killed!
 What do you want to eat? [dr or ?*] r
 You resume your meal.
 You finish eating the food ration.
 You hear some noises in the distance.
 You swap places with your kitten.
 The giant ant bites!
 The giant ant bites!
 You hit the giant ant!
 The giant ant bites!
 You hit the giant ant.
 The giant ant bites!
 You kill the giant ant!
 You see here a giant ant corpse.
 There is a giant ant corpse here; eat it? [ynq] (n) y
 This giant ant corpse is stringy.
 You finish eating the giant ant corpse.
 You swap places with your kitten.
 You swap places with your kitten.
 You swap places with your kitten.
 You stop.  Your kitten is in the way!
 You hear the footsteps of a guard on patrol.
 The dingo bites!
 The dingo just misses!
 The dingo bites!
 You miss the dingo.
 The dingo bites!
 You hit the dingo.
 The dingo bites!
 The kitten misses the dingo.
 You hit the dingo!
 The dingo bites!
 The kitten bites the dingo.
 The dingo misses the kitten.
 The kitten bites the dingo.
 You hit the dingo!
 The dingo just misses!
 The kitten misses the dingo.
 The kitten misses the dingo.
 The jackal bites!
 The dingo bites!
 The kitten bites the dingo.
 The dingo bites the kitten.
 The dingo bites!
 You die...
 Do you want your possessions identified? [ynq] (y) n
 Do you want to see your attributes? [ynq] (y) n
 Do you want an account of creatures vanquished? [ynaq] (y) n
 Do you want to see your conduct and achievements? [ynq] (y) n
 Do you want to see the dungeon overview? [ynq] (y) n

Inventory:
 Coins    ('$')
  $ - 6 gold pieces
 Weapons  (')')
  b - a +0 dagger (alternate weapon; not wielded)
  a - a blessed +1 spear
  j - a +0 battle-axe
 Armor    ('[')
  i - a cursed -2 pair of gauntlets of fumbling
  p - an uncursed +0 pair of leather gloves
  c - an uncursed +3 small shield (being worn)
 Comestibles  ('%')
  d - 5 uncursed food rations
 Scrolls  ('?')
  h - an uncursed scroll of enchant weapon
  l - an uncursed scroll of identify
  g - an uncursed scroll of remove curse
 Potions  ('!')
  n - an uncursed potion of healing
  s - an uncursed potion of levitation
  q - a blessed potion of monster detection
  f - an uncursed potion of water
 Tools    ('(')
  o - an uncursed oil lamp

182320070181818 the Valkyrie's attributes:

Background:
 You were a Skirmisher, a level 4 human Valkyrie.
 You were lawful, nominally on a mission for Tyr
 who was opposed by Odin (neutral) and Loki (chaotic).
 You were right-handed.
 You were in the Dungeons of Doom, on level 6.
 You entered the dungeon 2397 turns ago.
 You had 106 experience points, 54 more were needed to attain level 5.

Basics:
 You had 0 out of 42 hit points.
 You had all 9 energy points (spell power).
 Your armor class was 6.
 Your wallet contained 6 zorkmids.
 Autopickup was off.

Final Characteristics:
 Your strength was 18/02 (limit:18/100).
 Your dexterity was 9 (limit:18).
 Your constitution was 18 (limit:18).
 Your intelligence was 9 (limit:18).
 Your wisdom was 9 (limit:18).
 Your charisma was 10 (limit:18).

Final Status:
 You weren't hungry.
 You were unencumbered.
 You were bare handed.
 You were unskilled in bare handed combat.

Final Attributes:
 You were piously aligned.
 You were cold resistant.
 You were stealthy.
 You are dead.

Miscellaneous:
 You didn't encounter any bones levels.
 Total elapsed playing time was 45 minutes and 30 seconds.

Major events:
 Turn
    1: 182320070181818 the lawful human Valkyrie entered the dungeon
 1167: attained the rank of Skirmisher (level 3)
 2397: killed by a dingo

You didn't know any spells.

Skills:
 Fighting Skills
   bare handed combat [Unskilled]
   two weapon combat  [Unskilled]
   riding             [Unskilled]
 Weapon Skills
   dagger             [Basic]
   axe                [Unskilled]
   pick-axe           [Unskilled]
   short sword        [Unskilled]
   broadsword         [Unskilled]
   long sword         [Unskilled]
   two-handed sword   [Unskilled]
   saber              [Unskilled]
   hammer             [Unskilled]
   quarterstaff       [Unskilled]
   polearms           [Unskilled]
   spear              [Basic]
   trident            [Unskilled]
   lance              [Unskilled]
   sling              [Unskilled]
 Spellcasting Skills
   attack spells      [Unskilled]
   escape spells      [Unskilled]

Voluntary challenges:
 Character rerolling was not enabled.
 You were an atheist.
 You were illiterate.
 You never genocided any monsters.
 You never polymorphed an object.
 You never changed form.
 You used no wishes.
Achievements:
 You entered a shop.
 You attained the rank of Skirmisher.

 The Dungeons of Doom: levels 1 to 6
    Level 1:
       An altar, a fountain, a sink.
    Level 2:
    Level 3:
       A general store, a fountain.
    Level 4:
       A potion shop.
    Level 5:
    Level 6: <- You were here.
       An armor shop.
       Final resting place for
          you, killed by a dingo.


Vanquished creatures:
  a rock mole
  a paper golem
  2 giant ants
  a little dog
  a floating eye
  a monkey
  2 iguanas
 an acid blob
  4 giant rats
  a gnome zombie
  7 jackals
  a fox
  a kobold
  a sewer rat
  4 grid bugs
  2 lichens
  a kobold zombie
  8 newts
40 creatures vanquished.

No species were genocided or became extinct.

Game over:
                       ----------
                      /          \
                     /    REST    \
                    /      IN      \
                   /     PEACE      \
                  /                  \
                  | 182320070181818  |
                  |       6 Au       |
                  |   killed by a    |
                  |      dingo       |
                  |                  |
                  |                  |
                  |       2026       |
                 *|     *  *  *      | *
        _________)/\\_//(\/(/\)/\//\/|_)_______

Farvel 182320070181818 the Valkyrie...

You died in The Dungeons of Doom on dungeon level 6 with 680 points,
and 6 pieces of gold, after 2397 moves.
You were level 4 with a maximum of 42 hit points when you died.

